 Dungeon Crawl Stone Soup version 0.19.4-8-ga85b6b9 (webtiles) character file.

886 esteth the Cleaver (level 8, -5/64 HPs)
             Began as a Hill Orc Fighter on Feb 10, 2017.
             Was an Initiate of Qazlal.
             Slain by an ogre
             ... wielding a +0 giant club
              (27 damage)
             ... on level 5 of the Dungeon.
             The game lasted 00:09:58 (4827 turns).

esteth the Cleaver (Hill Orc Fighter)               Turns: 4827, Time: 00:09:59

Health: -5/64      AC:  9    Str: 24      XL:     8   Next: 5%
Magic:  8/8        EV:  9    Int:  7 (8)  God:    Qazlal [......]
Gold:   321        SH:  4    Dex: 12      Spells: 0 memorised, 7 levels left

rFire  . . .     SeeInvis .     s - +0 war axe (freeze)
rCold  . . .     Gourm    .     b - +0 scale mail
rNeg   . . .     Faith    .     o - +0 buckler
rPois  .         Spirit   .     (no helmet)
rElec  .         Reflect  .     i - +0 cloak
rCorr  .         Harm     .     n - +0 pair of gloves
MR     .....                    (no boots)
Stlth  ..........               (no amulet)
                                (no ring)
                                (no ring)

@: mighty
A: no striking features
a: Renounce Religion


You were on level 5 of the Dungeon.
You worshipped Qazlal.
Qazlal was noncommittal.
You were hungry.

You visited 2 branches of the dungeon, and saw 6 of its levels.

You collected 321 gold pieces.

Inventory:

Hand Weapons
 a - a +0 war axe
 s - a +0 war axe of freezing (weapon)
Armour
 b - a +0 scale mail (worn)
 c - a +0 shield
 i - a +0 cloak (worn)
 n - a +0 pair of gloves (worn)
 o - a +0 buckler (worn)
 w - a +0 pair of boots
Scrolls
 g - a scroll of magic mapping
 k - a scroll of identify
 l - 3 scrolls of fear
 m - 3 scrolls of teleportation
 p - a scroll of amnesia {unknown}
 r - 3 scrolls of remove curse
Potions
 e - 2 potions of degeneration
 j - 2 potions of cure mutation
 t - a potion of resistance
 u - a potion of heal wounds
 v - a potion of flight {unknown}
Books
 q - a book of Cantrips

   Spells                             Type                      Level
   a - Confusing Touch                Hexes                        1
   b - Animate Skeleton               Necromancy                   1
   c - Summon Small Mammal            Summoning                    1
   d - Apportation                    Translocation                1
Comestibles
 f - 6 bread rations
 h - 2 meat rations


   Skills:
 - Level 3.6 Fighting
 + Level 11.6 Axes
 - Level 3.2 Armour
 - Level 3.2 Shields


You had 7 spell levels left.
You didn't know any spells.

Dungeon Overview and Level Annotations

Branches:
Dungeon (5/15)             Temple (1/1) D:5

Altars:
Ashenzari
Cheibriados
Dithmenos
Elyvilon
Fedhas
Gozag
Hepliaklqana
Kikubaaqudgha
Makhleb
Nemelex Xobeh
Okawaru
Qazlal
Ru
Sif Muna
Trog
Uskayaw
Vehumet
Xom
Yredelemnul
Zin
The Shining One


Message History

The ogre hits you with a giant club!!
You hit the ogre. You freeze the ogre.
The ogre is heavily wounded.
You hit the ogre. You freeze the ogre.
The ogre is heavily wounded.
The ogre barely misses you.
You hit the ogre. You freeze the ogre.
The ogre is severely wounded.
The ogre hits you with a giant club!!
* * * LOW HITPOINT WARNING * * *
You are too injured to fight recklessly!
You are too injured to fight recklessly!
You are too injured to fight recklessly!
You are too injured to fight recklessly!
You are too injured to fight recklessly!
Wield which item (- for none, * to show all)? (? for menu, Esc to quit)
Okay, then.
You feel very mighty all of a sudden. The ogre hits you with a giant club!!
You die...

......# #..########
....#.# #.........##
......####..######..#
#.#.#...............#
........'########'..#
######..#........#.##
#..#.+####'.#.#
#..#.#....#.#.#
##.#.#.##.#@#.#
..#.#.##.#O#.#
#.#.#....#.#.#
..#.+####'.#.#
.#........#
+########+


You could see an ogre.

Vanquished Creatures
  Edmund (D:4)
  An orc warrior (D:3)
  A hornet zombie (D:5)
  A crimson imp (D:5)
  2 hounds
  A jelly (D:5)
  4 orc priests (D:4)
  Natasha (thrice) (D:4)
  2 worker ants
  A hound skeleton (D:4)
  A howler monkey zombie (D:5)
  4 gnolls (D:3)
  4 adders
  3 river rats (D:5)
  2 oozes
  An adder skeleton (D:4)
  2 worms
  2 dart slugs (D:1)
  2 leopard geckos
  16 orcs
  4 giant cockroaches
  5 goblins
  2 hobgoblins
  8 jackals
  2 ball pythons
  3 bats (D:2)
  3 frilled lizards
  4 kobolds
  A quokka zombie (D:5)
  4 rats
90 creatures vanquished.

Notes
Turn   | Place    | Note
-------+----------+-------------------------------------------
     0 | D:1      | esteth the Hill Orc Fighter began the quest for the Orb.
     0 | D:1      | Reached XP level 1. HP: 19/19 MP: 1/1
    80 | D:1      | Reached skill level 3 in Axes
   205 | D:1      | Reached XP level 2. HP: 20/26 MP: 2/2
   456 | D:1      | Reached skill level 4 in Axes
   785 | D:1      | Reached XP level 3. HP: 31/31 MP: 3/3
  1765 | D:3      | Reached skill level 5 in Axes
  2141 | D:3      | Noticed an orc warrior
  2148 | D:3      | Killed an orc warrior
  2148 | D:3      | Reached skill level 7 in Axes
  2148 | D:3      | Reached XP level 4. HP: 33/39 MP: 4/4
  2148 | D:3      | Reached XP level 5. HP: 39/45 MP: 5/5
  2773 | D:4      | Reached skill level 8 in Axes
  2773 | D:4      | Reached XP level 6. HP: 35/51 MP: 6/6
  3213 | D:4      | Reached skill level 9 in Axes
  3608 | D:4      | Noticed Natasha
  3615 | D:4      | Killed Natasha
  3615 | D:4      | Reached XP level 7. HP: 55/57 MP: 7/7
  3729 | D:4      | Noticed Natasha
  3734 | D:4      | Killed Natasha
  3785 | D:4      | Noticed Edmund
  3804 | D:4      | Killed Edmund
  3804 | D:4      | Reached skill level 10 in Axes
  4010 | D:4      | Noticed Natasha
  4013 | D:4      | Killed Natasha
  4067 | D:5      | Entered Level 5 of the Dungeon
  4371 | D:5      | Reached skill level 11 in Axes
  4654 | D:5      | Reached XP level 8. HP: 60/64 MP: 8/8
  4657 | D:5      | Found a staircase to the Ecumenical Temple.
  4672 | Temple   | Entered the Ecumenical Temple
  4757 | Temple   | Became a worshipper of Qazlal Stormbringer
  4827 | D:5      | Slain by an ogre

Skill      XL: |  1  2  3  4  5  6  7 |
---------------+----------------------+-----
Axes           | 3 4 7 8 9 11 | 11.6
Fighting       | |  3.6
Armour         | |  3.2
Shields        | |  3.2

Action                   |  1- 3 |  4- 6 |  7- 9 || total
-------------------------+-------+-------+-------++-------
Melee: War axe           |   118 |   118 |    81 ||   317
  Use: Scroll            |     6 |       |       ||     6
       Potion            |       |     4 |     3 ||     7
  Eat: Chunk             |     4 |     5 |     3 ||    12
Armor: Scale mail        |    46 |    40 |    20 ||   106
Dodge: Dodged            |    40 |    48 |    36 ||   124
Block: Shield            |    51 |       |       ||    51
       Buckler           |    12 |    18 |     8 ||    38
